 Dungeon Crawl Stone Soup version 0.25-a0-55-g0753fd1ad2 (webtiles) character file.

Game seed: 16423159919363856811, levelgen mode: deterministic

172 Menyet the Insei (level 5, 0/40 HPs)
             Began as a Draconian Transmuter on Oct 25, 2019.
             Slain by a worm (7 damage)
             ... on level 4 of the Dungeon.
             The game lasted 00:26:37 (2515 turns).

Menyet the Insei (Draconian Transmuter)             Turns: 2515, Time: 00:26:38

Health: 0/40       AC:  8    Str: 12    XL:     5   Next: 27%
Magic:  7/8        EV: 12    Int: 14    God:
Gold:   144        SH:  0    Dex: 12    Spells: 2/9 levels left

rFire    . . .     SeeInvis .     - Unarmed
rCold    . . .     Gourm    .   (no shield)
rNeg     . . .     Faith    .   (armour unavailable)
rPois    .         Spirit   .   (helmet restricted)
rElec    .         Reflect  .   k - +2 cloak
rCorr    .         Harm     .   (no gloves)
MR       .....                  (boots currently unavailable)
Stlth    +.........             (no amulet)
HPRegen  0.13/turn              (no ring)
MPRegen  0.11/turn              (no ring)

@: lethally poisoned (0 -> -1), appendage (expiring), very slow
A: unfitting armour, talons 3, cold-blooded, AC +5
a: End Transformation


You were on level 4 of the Dungeon.
You were not hungry.
You had grown temporary talons.
You visited 1 branch of the dungeon, and saw 4 of its levels.

You collected 144 gold pieces.

Inventory:

Hand Weapons
 g - a +0 club
 j - a +0 dagger
 l - a +0 dagger
 q - a +1 rapier
 r - a +0 short sword
Missiles
 a - 58 arrows
 d - 19 bolts
 i - 101 stones (quivered)
 m - 2 javelins
Armour
 e - a +0 scale mail
 f - a +0 ring mail
 h - a +0 robe
 k - a +2 cloak (worn)
Scrolls
 p - a scroll of identify {unknown}
 t - a scroll of amnesia {unknown}
 u - a scroll of teleportation
Potions
 n - a potion of cancellation {unknown}
 o - a potion of might {unknown}
 s - a potion of haste {unknown}
Comestibles
 c - 6 rations


   Skills:
 + Level 1.5 Fighting
 + Level 0.1 Maces & Flails
 + Level 2.5 Dodging
 + Level 4.9 Unarmed Combat
 + Level 2.6 Spellcasting
 + Level 2.3 Transmutations
 + Level 0.1 Poison Magic


You had 2 spell levels left.
You knew the following spells:

 Your Spells              Type           Power        Failure   Level  Hunger
a - Beastly Appendage     Tmut           #.....       9%          1    #......
b - Sticks to Snakes      Tmut           #.......     13%         2    ###....
c - Spider Form           Tmut/Pois      #.........   38%         3    ###....
d - Confusing Touch       Hex            #.....       22%         1    #......

Your spell library contained the following spells:

 Spells                   Type           Power        Failure   Level  Hunger
 Animate Skeleton         Necr           N/A          22%         1    #......
 Apportation              Tloc           #.....       22%         1    #......
 Summon Small Mammal      Summ           #...         22%         1    #......
 Ice Form                 Ice/Tmut       #.......     80%         4    #####..
 Blade Hands              Tmut           #.........   94%         5    ######.


Dungeon Overview and Level Annotations

Branches:
Dungeon (4/15)             Temple (0/1) D:4

Altars:
Zin

Portals:
Sewer: D:4


Innate Abilities, Weirdness & Mutations

Your plain brown scales are hard. (AC +5)
You cannot fit into any form of body armour.
You are cold-blooded and may be slowed by cold attacks.
You have claws for feet.


Message History

You feel sick.
A worm comes into view.
Found a glowing drain.
You feel sick.
The worm splashes around in the water.
Your unstable footing causes you to fumble your attack.
Your unstable footing causes you to fumble your attack.
The worm misses you.
Casting: Beastly Appendage (safe; 9% risk of failure)
Confirm with . or Enter, or press ? or * to list all spells.
Your feet morph into talons.
You feel sick.
Your unstable footing causes you to fumble your attack.
The worm misses you.
Your unstable footing causes you to fumble your attack.
You barely miss the worm. You claw the worm, but do no damage.
Your transformation is almost over.
The worm bites you.
* * * LOW HITPOINT WARNING * * *
You hear the brisk rusting of a drain.
You feel sick. The worm bites you!
You die...

**,*,,,,,,* #....).....#
*,*,,,,,,* #....≈.....##
**,*,,,,,,* #..≈≈≈≈≈.≈..#
*,,*,,,,,,***#####≈#≈#≈≈.#
*,##......##..#≈≈≈≈≈≈≈≈≈†#
........>.##.##≈########†#
#.*#......##.##≈≈≈≈≈≈#≈#.#
#.*#......##.#####†#≈#≈#.#
..##.........##≈@≈≈#≈#≈#.# *
*#.......##..##w##≈#≈*≈#.# *
##.#...#.##.>.#≈#≈≈#≈*≈#.# *
...)..........#≈#≈##≈*≈#.########
.........##.###≈#≈**≈≈≈#...#.....
#..##.#..##.# #∩#≈≈*≈**###.....#,
#..##.......# ##########.#.###.#*
#........#### #.#.##.##..†# #.#*
#.####...# ####.#.##.####.###.#*


You could see a worm.

Vanquished Creatures
  An orc wizard (D:3)
  A river rat (D:4)
  8 adders
  A worm (D:3)
  3 dart slugs
  A leopard gecko (D:1)
  4 orcs
  2 ball pythons
  2 giant cockroaches
  4 goblins (D:1)
  5 hobgoblins
  3 quokkas
  5 bats
  4 frilled lizards
  7 kobolds
  5 rats
56 creatures vanquished.

Notes
Turn   | Place    | Note
-------+----------+-------------------------------------------
     0 | D:1      | Menyet the Draconian Transmuter began the quest for the
                  | Orb.
     0 | D:1      | Reached XP level 1. HP: 16/16 MP: 3/3
   204 | D:1      | Reached XP level 2. HP: 23/23 MP: 5/5
   916 | D:1      | Reached XP level 3. HP: 26/28 MP: 6/6
   921 | D:1      | Learned a level 2 spell: Sticks to Snakes
   925 | D:1      | Learned a level 3 spell: Spider Form
  1336 | D:2      | You fall into a shaft and drop 1 floor!
  1491 | D:3      | Reached skill level 4 in Unarmed Combat
  1518 | D:3      | Reached XP level 4. HP: 25/35 MP: 1/7
  1663 | D:3      | Learned a level 1 spell: Confusing Touch
  2130 | D:4      | Found a glowing silver altar of Zin.
  2326 | D:4      | Reached XP level 5. HP: 9/40 MP: 1/8
  2350 | D:4      | HP: 2/40 [river rat (5)]
  2507 | D:4      | Found a glowing drain.
  2515 | D:4      | Slain by a worm

Levels and vault maps discovered:
D:1:      dpeg_arrival_lava_temple_mockup, layout_loops_ring
D:2:      kennysheep_six_static_rooms, layout_loops_ring,
          chequers_ecumenical_altar_simple_redux, uniq_sigmund, uniq_robin
D:3:      layout_rooms
D:4:      layout_loops_cross, zin_academy, temple_pool_b,
          lightli_sewer_entry_pipes, first_ration, uniq_pikel

Table legend:
 A = Non-vault XP
 B = Vault XP
 C = Vault XP percentage of total XP
 D = Non-vault monster count
 E = Vault monster count
 F = Vault count percentage of total count
                 A         B        C        D         E       F
            +---------+---------+-------+---------+---------+-------
      Total |     191 |      55 |  22.4 |      50 |       6 |  10.7
            +---------+---------+-------+---------+---------+-------
        D:1 |      43 |       0 |   0.0 |      23 |       0 |   0.0
        D:2 |       4 |       0 |   0.0 |       2 |       0 |   0.0
        D:3 |     120 |       0 |   0.0 |      19 |       0 |   0.0
        D:4 |      24 |      55 |  69.6 |       6 |       6 |  50.0
            +---------+---------+-------+---------+---------+-------
